 Dungeon Crawl Stone Soup version 0.30-a0-12-gd8047c6341 (webtiles) character file.

Game seed: 12076730487769304189

68 Pooter the Caller (level 4, -1/32 HPs)
             Began as a Gnoll Summoner on Aug 23, 2022.
             Slain by a goblin
             ... wielding a +0 dagger
             ... led by Robin
              (2 damage)
             ... on level 2 of the Dungeon.
             The game lasted 00:19:21 (1201 turns).

Pooter the Caller (Gnoll Summoner)                  Turns: 1201, Time: 00:19:22

Health: -1/32      AC:  3    Str:  8 (10) XL:     4   Next: 19%
Magic:  10/11      EV: 13    Int: 11 (14) God:
Gold:   47         SH:  0    Dex:  9 (12) Spells: 2/13 levels left

rFire   . . .      SeeInvis .    a - +3 whip (flame)
rCold   . . .      Faith    .    (no shield)
rNeg    . . .      Spirit   .    e - +0 robe
rPois   .          Reflect  .    (no helmet)
rElec   .          Harm     .    (no cloak)
rCorr   +          Rampage  .    (no gloves)
Will    .....                    h - +0 pair of boots
Stlth   ++........               (no amulet)
HPRegen 0.10/turn                C - ring of resist corrosion
MPRegen 0.12/turn                (no ring)

@: no status effects
A: fangs 1, strong nose, distributed training
a: no special abilities


You were on level 2 of the Dungeon.
You visited 1 branch of the dungeon, and saw 2 of its levels.

You collected 62 gold pieces.
You spent 15 gold pieces at shops.

Inventory:

Hand Weapons
 a - a +3 whip of flaming (weapon)
   (You found it on level 1 of the Dungeon)
 b - a +0 sling
   (You bought it in a shop on level 1 of the Dungeon)
Missiles
 c - 6 poisoned darts (quivered)
 Q - 4 stones
Armour
 e - a +0 robe (worn)
 h - a +0 pair of boots (worn)
   (You found it on level 2 of the Dungeon)
Magical Staves
 k - a staff of poison
   (You found it on level 2 of the Dungeon)
Jewellery
 C - a ring of resist corrosion (left hand)
   (You found it on level 1 of the Dungeon)
Wands
 f - a wand of flame (13)
   (You found it on level 2 of the Dungeon)
Scrolls
 g - a scroll of torment {!r}
 j - 2 scrolls of immolation {!r}
Potions
 d - 2 potions of magic


   Skills:
 + Level 1.1 Fighting
 + Level 1.1 Short Blades
 + Level 1.1 Long Blades
 + Level 1.1 Axes
 + Level 1.1 Maces & Flails
 + Level 1.1 Polearms
 + Level 1.1 Staves
 + Level 1.1 Ranged Weapons
 + Level 1.1 Throwing
 + Level 1.1 Armour
 + Level 4.6 Dodging
 + Level 4.2 Stealth
 + Level 1.1 Shields
 + Level 1.1 Unarmed Combat
 + Level 5.0 Spellcasting
 + Level 0.8 Conjurations
 + Level 0.8 Hexes
 + Level 7.1 Summonings
 + Level 0.8 Necromancy
 + Level 0.8 Translocations
 + Level 0.8 Transmutations
 + Level 0.8 Fire Magic
 + Level 0.8 Ice Magic
 + Level 0.8 Air Magic
 + Level 0.8 Earth Magic
 + Level 0.8 Poison Magic
 + Level 1.2 Invocations
 + Level 1.1 Evocations


You had 2 spell levels left.
You knew the following spells:

 Your Spells              Type           Power      Damage    Failure   Level
a - Summon Small Mammal   Summ           72%        N/A       1%          1
b - Call Imp              Summ           18%        N/A       1%          2
c - Poisonous Vapours     Pois/Air       8%         N/A       22%         2
d - Call Canine Familiar  Summ           18%        N/A       3%          3
e - Summon Guardian Gole  Hex/Summ       11%        N/A       12%         3

Your spell library contained the following spells:

 Spells                   Type           Power      Damage    Failure   Level
 Static Discharge         Conj/Air       4%         3-4/arc   22%         2
 Summon Lightning Spire   Summ/Air       11%        N/A       38%         4
 Corpse Rot               Necr/Pois/Air  4%         N/A       83%         4
 Dispel Undead            Necr           4%         3d7       83%         4
 Sticky Flame             Conj/Fire      4%         2d3       83%         4


Dungeon Overview and Level Annotations

Branches:
Dungeon (2/15)

Altars:

Shops:
D:1 (

Annotations:
D:2 Robin, Sigmund


Innate Abilities, Weirdness & Mutations

You have very sharp teeth.
Your uncanny sense of smell can sniff out nearby items.
Your experience applies equally to all skills.


Message History

The goblin misses you. x2
The hobgoblin hits your guardian golem but does no damage.
Things that are here:
a +0 club; a goblin corpse You hit the goblin.
You burn the goblin. You bite the goblin, but do no damage.
The goblin hits you with a +0 dagger.
* * * LOW HITPOINT WARNING * * *
The goblin closely misses you. The hobgoblin hits your guardian golem.
You miss the goblin. The goblin hits you with a +0 dagger.
* * * LOW HITPOINT WARNING * * *
The goblin hits you with a +0 club.
* * * LOW HITPOINT WARNING * * *
Robin throws the goblin at you! The hobgoblin hits your guardian golem.
Unknown command.
You're too confused to move!
You feel less confused.
Your guardian golem overheats!
The goblin barely misses you.
The goblin hits you but does no damage. x2
Something hits you.
* * * LOW HITPOINT WARNING * * *
The hobgoblin hits your guardian golem. Flame seeps out of your guardian golem.
You hit the goblin. You burn the goblin.
You kill the goblin!
The goblin no longer looks unusually strong. x2
The goblin hits you with a +0 club.
* * * LOW HITPOINT WARNING * * *
The hobgoblin hits your guardian golem but does no damage.
The goblin barely misses you.
A goblin comes into view. It is wielding a +0 dagger.
Something barely misses you.
Unknown command.
The goblin attacks as you move away! The goblin hits you with a +0 club.
* * * LOW HITPOINT WARNING * * *
Your guardian golem is engulfed in blazing flames.
Flame seeps out of your guardian golem.
The goblin unwields a +0 club.
The goblin wields a +0 sling.
The goblin shoots a sling bullet.
The sling bullet closely misses you.
The hobgoblin hits your guardian golem but does no damage.
The goblin barely misses you.
Things that are here:
a +0 dagger; an adder corpse Unknown command.
You hit the goblin. You burn the goblin.
You kill the goblin!
The hobgoblin hits your guardian golem but does no damage.
The goblin shoots a sling bullet.
The sling bullet barely misses you. Robin throws the goblin at you!
* * * LOW HITPOINT WARNING * * *
The goblin hits you with a +0 dagger.
You die...

.. ∆ .# ##### ..#
#...## ..##
#######....## ...
#...........#
#.##.....<.....#
#.#...........#
#..###gJ.)@.......##
#.ggg.9g))g..#...##
#..S####.#########
..>.S.# #.# g)###.
#.# . # #.# #. #.#
#.# #.# #.# #.#


You could see Robin, an adder, an endoplasm, 2 hobgoblins, 2 goblins and a
friendly guardian golem (summoned, inner flame).

Vanquished Creatures
  An endoplasm (D:1)
  5 goblins
  A kobold (D:1)
  A ball python (D:1)
  A bat (D:1)
  A rat (D:1)
10 creatures vanquished.

Vanquished Creatures (collateral kills)
  2 adders (D:2)
  A worm (D:2)
  4 dart slugs (D:1)
  A bat (D:1)
  An endoplasm (D:1)
  6 goblins
  A hobgoblin (D:2)
  2 kobolds (D:1)
  3 quokkas (D:1)
  A ball python (D:1)
  2 frilled lizards (D:1)
  4 rats (D:1)
28 creatures vanquished.

Grand Total: 38 creatures vanquished

Notes
Turn   | Place    | Note
-------+----------+-------------------------------------------
     0 | D:1      | Pooter the Gnoll Summoner began the quest for the Orb.
     0 | D:1      | Reached XP level 1. HP: 13/13 MP: 6/6
   294 | D:1      | Found Hiewkuriufi's Weapon Boutique.
   310 | D:1      | Reached XP level 2. HP: 20/20 MP: 3/7
   313 | D:1      | Learned a level 2 spell: Call Imp
   317 | D:1      | Bought a +0 sling for 15 gold pieces
   448 | D:1      | Learned a level 2 spell: Poisonous Vapours
   558 | D:1      | Reached skill level 5 in Spellcasting
   558 | D:1      | Reached XP level 3. HP: 25/25 MP: 7/9
   671 | D:1      | Learned a level 3 spell: Call Canine Familiar
   675 | D:1      | Learned a level 3 spell: Summon Guardian Golem
   852 | D:1      | Reached skill level 1 in Invocations
  1045 | D:2      | Reached skill level 1 in Fighting
  1045 | D:2      | Reached skill level 1 in Short Blades
  1045 | D:2      | Reached skill level 1 in Long Blades
  1045 | D:2      | Reached skill level 1 in Axes
  1045 | D:2      | Reached skill level 1 in Maces & Flails
  1045 | D:2      | Reached skill level 1 in Polearms
  1045 | D:2      | Reached skill level 1 in Staves
  1045 | D:2      | Reached skill level 1 in Ranged Weapons
  1045 | D:2      | Reached skill level 1 in Throwing
  1045 | D:2      | Reached skill level 1 in Armour
  1045 | D:2      | Reached skill level 1 in Shields
  1045 | D:2      | Reached skill level 1 in Unarmed Combat
  1045 | D:2      | Reached skill level 1 in Evocations
  1139 | D:2      | Reached XP level 4. HP: 32/32 MP: 8/11
  1174 | D:2      | Noticed Robin
  1187 | D:2      | Noticed Sigmund
  1201 | D:2      | HP: 1/32 [Robin/goblin (1)]
  1201 | D:2      | Slain by a goblin

Illustrated notes

Levels and vault maps discovered:
D:1:      mainiacjoe_arrival_reflecting_pool, layout_rooms, serial_shops,
          nicolae_shop_bloodbath_and_beyond, chequers_serial_rivers_small_b
D:2:      layout_rooms, fountainhead, guppyfry_early_lair_pool, uniq_robin,
          uniq_sigmund, uniq_crazy_yiuf_cottage

Skill      XL: |  1  2  3 |
---------------+----------+-----
Spellcasting   | 5 |  5.0
Invocations    | 1 |  1.2
Fighting       | 1 |  1.1
Short Blades   | 1 |  1.1
Long Blades    | 1 |  1.1
Axes           | 1 |  1.1
Maces & Flails | 1 |  1.1
Polearms       | 1 |  1.1
Staves         | 1 |  1.1
Ranged Weapons | 1 |  1.1
Throwing       | 1 |  1.1
Armour         | 1 |  1.1
Shields        | 1 |  1.1
Unarmed Combat | 1 |  1.1
Evocations     | 1 |  1.1
Dodging        | |  4.6
Stealth        | |  4.2
Conjurations   | |  0.8
Hexes          | |  0.8
Summonings     | |  7.1
Necromancy     | |  0.8
Translocations | |  0.8
Transmutations | |  0.8
Fire Magic     | |  0.8
Ice Magic      | |  0.8
Air Magic      | |  0.8
Earth Magic    | |  0.8
Poison Magic   | |  0.8

Action                   |  1- 3 |  4- 6 || total
-------------------------+-------+-------++-------
Melee: Unarmed           |     6 |       ||     6
       Whip              |     4 |     5 ||     9
       Bite              |       |     1 ||     1
 Fire: Sling             |     7 |     1 ||     8
 Cast: Summon Small Mamm |    11 |       ||    11
       Call Imp          |     3 |       ||     3
       Call Canine Famil |     5 |       ||     5
       Poisonous Vapours |     3 |       ||     3
       Summon Guardian G |       |     1 ||     1
  Use: Scroll            |     2 |       ||     2
       Potion            |       |     1 ||     1
Armor: Robe              |     2 |     4 ||     6
Dodge: Dodged            |    14 |    20 ||    34

Table legend: (Time is in decaauts)
 A = Elapsed time spent in this place.
 B = Non-inter-level travel time spent in this place.
 C = Inter-level travel time spent in this place.
 D = Time resting spent in this place.
 E = Time spent auto-exploring this place.
 F = Levels seen in this place.
 G = Mean time per level.
                   A        B        C        D        E       F      G
               +--------+--------+--------+--------+--------+-----+--------+
         Total |   1201 |   1186 |     15 |    253 |    546 |   2 |  600.5 |
       Dungeon |   1201 |   1186 |     15 |    253 |    546 |   2 |  600.5 |
               +--------+--------+--------+--------+--------+-----+--------+

Top non-repeatable levels by time:
     D:1: 979 daAuts
     D:2: 221 daAuts
